 Dungeon Crawl Stone Soup version 0.29.1-12-g30fa7ad0bf (webtiles) character file.

Game seed: 13661226933225904961

3784 DildoBatman the Magician (level 10, -7/71 HPs)
             Began as a Formicid Conjurer on Jan 18, 2023.
             Was an Initiate of Gozag.
             Mangled by an unseen horror (8 damage)
             ... on level 6 of the Dungeon.
             The game lasted 00:27:40 (7820 turns).

DildoBatman the Magician (Formicid Conjurer)        Turns: 7820, Time: 00:27:41

Health: -7/71      AC:  3    Str: 12    XL:     10   Next: 38%
Magic:  12/20      EV: 12    Int: 25    God:    Gozag
Gold:   1054       SH:  0    Dex: 15    Spells: 9/23 levels left

rFire   . . .      SeeInvis +   a - +6 sling of Dithmenos's Envy {freeze, Dex+3 SInv}
rCold   . . .      Faith    .   (no shield)
rNeg    + . .      Spirit   .   B - +0 leather armour "Ramafatone" {Regen+ Int+3}
rPois   .          Reflect  .   (helmet unavailable)
rElec   .          Harm     .   (no cloak)
rCorr   .          Rampage  .   (no gloves)
Will    +....                   (no boots)
Stlth   ++........              r - amulet of regeneration
HPRegen 1.81/turn               x - ring of positive energy
MPRegen 0.17/turn               (no ring)

@: gold aura, freezing walls
A: permanent stasis, dig shafts and tunnels, antennae 3, four strong arms
a: Dig, Shaft Self, Renounce Religion, Potion Petition, Call Merchant, Bribe
Branch


You were on level 6 of the Dungeon.
You worshipped Gozag.
Gozag was most pleased with you.
You visited 2 branches of the dungeon, and saw 8 of its levels.
You also visited: Sewer and Ossuary.

You collected 1150 gold pieces.
You paid 96 gold pieces to Gozag.

Inventory:

Hand Weapons
 a - the +6 sling of Dithmenos's Envy (weapon) {freeze, Dex+3 SInv}
   (You found it on level 2 of the Dungeon)

   Any ammunition fired from it freezes those it strikes, dealing additional
   cold damage.
   It can also slow down cold-blooded creatures.
   Dex:       It affects your dexterity (+3).
   SInv:      It lets you see invisible.
 b - the +12 short sword of Arrival {antimagic, rF+ Str+4 Int-4}
   (You found it on level 5 of the Dungeon)

   It reduces the magical energy of the wielder, and disrupts the spells and
   magical abilities of those it strikes.
   Natural abilities and divine invocations are not affected.
   Str:       It affects your strength (+4).
   Int:       It affects your intelligence (-4).
   rF:        It protects you from fire.
Missiles
 f - 2 curare-tipped darts (quivered)
 g - 9 poisoned darts
 p - 6 silver javelins
 N - a throwing net
Armour
 B - the +0 leather armour "Ramafatone" (worn) {Regen+ Int+3}
   (You found it on level 4 of the Dungeon)

   Int:       It affects your intelligence (+3).
   Regen:     It increases your rate of health regeneration.
 C - a +2 robe of fire resistance
Magical Staves
 n - a staff of fire
 P - a staff of poison
Jewellery
 r - an amulet of regeneration (around neck)
 x - a ring of positive energy (left hand)
 H - a ring of fire
Wands
 z - a wand of quicksilver (7)
 J - a wand of mindburst (12)
 L - a wand of roots (16)
 M - a wand of flame (19)
Scrolls
 d - 2 scrolls of vulnerability
 h - 3 scrolls of enchant armour
 l - a scroll of summoning {unknown}
 o - 4 scrolls of butterflies
 s - a scroll of acquirement {unknown}
 u - 2 scrolls of amnesia
 v - a scroll of magic mapping
 y - a scroll of immolation
 A - 3 scrolls of silence
 G - a scroll of brand weapon {unknown}
 K - 2 scrolls of fear
 O - 2 scrolls of identify
 Q - a scroll of torment {unknown}
Potions
 c - a potion of curing {unknown}
 e - 4 potions of ambrosia {unknown}
 i - 2 potions of magic
 j - a potion of resistance {unknown}
 k - 5 potions of lignification {unknown}
 m - a potion of berserk rage {unknown}
 q - 2 potions of mutation {unknown}
 t - 2 potions of might {unknown}
 w - 2 potions of invisibility {unknown}
 D - a potion of brilliance {unknown}
 E - 3 potions of heal wounds {unknown}
 F - 6 potions of haste {unknown}
 I - 2 potions of flight {unknown}
 R - a potion of attraction {unknown}


   Skills:
 * Level 3.9 Fighting
 - Level 2.0 Ranged Weapons
 * Level 4.0 Armour
 * Level 2.9 Dodging
 - Level 2.4 Stealth
 - Level 7.0 Spellcasting
 - Level 6.0 Conjurations
 - Level 3.0 Transmutations
 * Level 5.5 Ice Magic
 - Level 2.0 Air Magic
 * Level 6.6 Earth Magic
 - Level 4.0 Poison Magic


You had 9 spell levels left.
You knew the following spells:

 Your Spells              Type           Power      Damage    Failure   Level
a - Searing Ray           Conj           76%        2d7       1%          2
b - Stone Arrow           Conj/Erth      80%        3d12      1%          3
c - Magic Dart            Conj           100%       1d8       1%          1
d - Frozen Ramparts       Ice            72%        1d11      2%          3
e - Mephitic Cloud        Conj/Pois/Air  28%        N/A       4%          3
f - Passwall              Tmut/Erth      26%        N/A       1%          2

Your spell library contained the following spells:

 Spells                   Type           Power      Damage    Failure   Level
 Freeze                   Ice            100%       1d11      1%          1
 Sandblast                Erth           84%        2d18      1%          1
 Dazzling Flash           Conj/Hex       46%        N/A       8%          3
 Hailstorm                Conj/Ice       37%        3d9       8%          4
 Fulminant Prism          Conj/Hex       11%        3d9       24%         4
 Iskenderun's Mystic Bla  Conj/Tloc      23%        2d6       24%         4
 Inner Flame              Hex/Fire       8%         N/A       26%         3
 Alistair's Intoxication  Tmut/Pois      17%        N/A       50%         5
 Cause Fear               Hex            4%         N/A       63%         4
 Borgnjor's Revivificati  Necr           4%         N/A       100%        8
 Discord                  Hex            4%         N/A       100%        8
 Necromutation            Tmut/Necr      8%         N/A       100%        8
 Death's Door             Necr           4%         N/A       100%        9
 Fire Storm               Conj/Fire      11%        8d3       100%        9


Dungeon Overview and Level Annotations

Branches:
Dungeon (7/15)             Temple (1/1) D:5           Sewer (visited)
Ossuary (visited)

Altars:
Ashenzari
Dithmenos
Elyvilon
Fedhas
Gozag
Hepliaklqana
Kikubaaqudgha
Makhleb
Nemelex Xobeh
Okawaru
Qazlal
Ru
Trog
Wu Jian
Yredelemnul
The Shining One

Annotations:
D:7 1 runed translucent door, exclusion: sixfirhy


Innate Abilities, Weirdness & Mutations

You cannot be hasted, slowed, berserked, paralysed or teleported.
You can dig through walls and to a lower floor.
You have a pair of large antennae on your head. (SInv)
Your four strong arms can wield two-handed weapons with a shield.


Message History

The sling bullet hits the red ugly thing!
The sling bullet freezes the red ugly thing.
The red ugly thing is heavily wounded.
The wall freezes the unseen horror.
The unseen horror barely misses you.
The wall freezes the unseen horror.
The unseen horror barely misses you.
The wall freezes the unseen horror but does no damage.
The wall freezes the red ugly thing.
The wall freezes the unseen horror.
The unseen horror misses you.
Casting: Stone Arrow (safe; 1% risk of failure)
Confirm with . or Enter, or press ? or * to list all spells.
Aiming: Stone Arrow (safe; 1% risk of failure)
Press: ? - help, Shift-Dir - straight line, f - red ugly thing, p - unseen horror
Aim: a red ugly thing (heavily wounded, 76% to hit)
The stone arrow hits the red ugly thing!
The red ugly thing is severely wounded.
The wall freezes the unseen horror.
The unseen horror hits you!
The wall freezes the unseen horror.
The unseen horror hits you.
The wall freezes the red ugly thing but does no damage.
The red ugly thing trunk-slaps you.
You are engulfed in flames!!
The wall freezes the unseen horror.
The unseen horror hits you!
Casting: Stone Arrow (safe; 1% risk of failure)
Confirm with . or Enter, or press ? or * to list all spells.
Aiming: Stone Arrow (safe; 1% risk of failure)
Press: ? - help, Shift-Dir - straight line, f/p - red ugly thing
Aim: a red ugly thing (severely wounded, 76% to hit)
The stone arrow hits the red ugly thing!!
You kill the red ugly thing!
The wall freezes the unseen horror but does no damage.
The unseen horror hits you.
The wall freezes the unseen horror.
The unseen horror hits you!
You die...
Your body crumbles into a pile of gold.

.#.##......#..#......#
.#.##......#..#......#
....#..#####..#####..#
P#.##......#..#......#
##.##......#..#......#
##.######..#..#..#####
##.##{${#..#..#..# .(#
....#{ {#..#..#.x#(:)#
##.##{${+..#..#.@$/.?#
### ####..########
###########...#
.........)).###
#########.### ....#
#.# ###.## #.# .....#
#.# .##..# #.##


You could see an unseen horror (invisible).

Vanquished Creatures
  An ugly thing (D:6)
  Eustachio (D:3)
  A yak (D:6)
  2 water moccasins
  Duvessa (D:5)
  Pargi (Sewer)
  An orc warrior (D:7)
  2 ice beasts
  A sky beast (D:7)
  An ogre (D:6)
  2 black bears (D:6)
  2 centaurs
  2 phantoms (D:6)
  2 bullfrogs (D:7)
  2 scorpions (D:6)
  4 necrophages
  Dowan (D:5)
  3 howler monkeys
  An electric eel (D:6)
  4 centaur zombies (Ossuary)
  A human zombie (Ossuary)
  4 jellies
  2 gnoll boudas
  2 orc priests
  6 hounds
  Natasha (thrice) (D:2)
  3 iguanas
  5 orc wizards
  An ogre zombie (Ossuary)
  8 mummies
  14 gnolls
  8 adders
  10 river rats (D:5)
  A shadow imp (D:7)
  2 white imps
  5 adder zombies (Ossuary)
  3 dart slugs
  26 orcs
  8 endoplasms
  2 giant cockroaches
  6 goblins
  9 hobgoblins
  2 jackals (D:2)
  2 quokkas (D:1)
  2 training dummies (D:5)
  11 ball pythons
  8 bats
  9 frilled lizards
  A goblin zombie (Ossuary)
  4 hobgoblin zombies (Ossuary)
  8 kobolds
  7 kobold zombies (Ossuary)
  5 quokka zombies (Ossuary)
  17 rats
  2 rat zombies (Ossuary)
242 creatures vanquished.

Vanquished Creatures (others)
  24 plants (D:6)
24 creatures vanquished.

Grand Total: 266 creatures vanquished

Notes
Turn   | Place    | Note
-------+----------+-------------------------------------------
     0 | D:1      | DildoBatman the Formicid Conjurer began the quest for the
                  | Orb.
     0 | D:1      | Reached XP level 1. HP: 13/13 MP: 3/3
   346 | D:1      | Reached XP level 2. HP: 20/20 MP: 3/5
   362 | D:1      | Learned a level 2 spell: Searing Ray
   453 | D:1      | Got Fuikk's Lectures on the Noxious Coals
   516 | D:1      | Reached skill level 1 in Fighting
   519 | D:1      | Reached skill level 1 in Armour
   519 | D:1      | Reached XP level 3. HP: 26/26 MP: 0/6
  1047 | D:2      | Found a sacrificial altar of Ru.
  1061 | D:2      | Learned a level 3 spell: Mephitic Cloud
  1069 | D:2      | Reached XP level 4. HP: 30/32 MP: 2/8
  1146 | D:2      | Noticed Natasha
  1193 | D:2      | Reached skill level 1 in Poison Magic
  1342 | D:2      | Reached XP level 5. HP: 37/38 MP: 9/9
  1353 | D:2      | Reached skill level 3 in Spellcasting
  1470 | D:2      | Identified the +6 sling of Dithmenos's Envy {freeze, Dex+3
                  | SInv}
  2329 | D:3      | Found a glowing golden altar of the Shining One.
  2456 | D:3      | Found a faded altar of an unknown god.
  2612 | D:4      | Identified the +0 leather armour "Ramafatone" {Regen+
                  | Int+3}
  2617 | D:4      | Reached skill level 1 in Air Magic
  2644 | D:4      | Noticed Eustachio
  2667 | D:3      | Reached XP level 6. HP: 38/44 MP: 3/10
  2862 | D:4      | Found a glowing drain.
  2876 | Sewer    | Entered a sewer
  2897 | Sewer    | Noticed Pargi
  2905 | Sewer    | Killed Pargi
  2906 | Sewer    | Reached skill level 1 in Ranged Weapons
  3226 | D:4      | Reached XP level 7. HP: 51/51 MP: 6/12
  3664 | D:5      | Entered Level 5 of the Dungeon
  3793 | D:5      | Reached skill level 4 in Spellcasting
  3836 | D:5      | Reached XP level 8. HP: 58/58 MP: 2/14
  3882 | D:5      | Reached skill level 5 in Conjurations
  3956 | D:5      | Identified the +12 short sword of Arrival {antimagic, rF+
                  | Str+4 Int-4}
  4130 | D:5      | Found a sand-covered staircase.
  4150 | Ossuary  | Entered an ossuary
  4286 | Ossuary  | Reached skill level 5 in Spellcasting
  4643 | D:5      | Found a staircase to the Ecumenical Temple.
  4656 | D:5      | Learned a level 3 spell: Stone Arrow
  4713 | Temple   | Entered the Ecumenical Temple
  4828 | Temple   | Became a worshipper of Gozag Ym Sagoz the Greedy
  4967 | D:2      | Killed Natasha
  4990 | D:2      | Noticed Natasha
  4994 | D:2      | Killed Natasha
  5038 | D:2      | Noticed Natasha
  5045 | D:2      | Killed Natasha
  5046 | D:2      | Reached skill level 1 in Earth Magic
  5265 | D:3      | Killed Eustachio
  5266 | D:3      | Reached skill level 6 in Spellcasting
  5266 | D:3      | Reached XP level 9. HP: 61/63 MP: 10/18
  5439 | D:5      | Noticed Duvessa
  5439 | D:5      | Noticed Dowan
  5450 | D:5      | Killed Duvessa
  5451 | D:5      | Killed Dowan
  5594 | D:5      | Learned a level 2 spell: Passwall
  5598 | D:5      | Learned a level 3 spell: Frozen Ramparts
  5691 | D:6      | Reached skill level 1 in Transmutations
  5740 | D:6      | Reached skill level 1 in Ice Magic
  6002 | D:6      | Found an ornate altar of the Wu Jian Council.
  6345 | D:6      | Reached skill level 7 in Spellcasting
  6348 | D:6      | Reached skill level 5 in Earth Magic
  6588 | D:6      | Reached XP level 10. HP: 70/70 MP: 16/20
  6625 | D:6      | Noticed an unseen horror
  6774 | D:7      | Found a bloodstained altar of Trog.
  6778 | D:7      | Reached skill level 5 in Ice Magic
  6892 | D:7      | Found a shadowy altar of Dithmenos.
  7120 | D:7      | Noticed a sixfirhy
  7124 | D:7      | Found a runed translucent door.
  7142 | D:7      | Found a sacrificial altar of Ru.
  7815 | D:6      | Noticed a red ugly thing
  7820 | D:6      | Killed a red ugly thing
  7820 | D:6      | HP: 1/71 [unseen horror (5)]
  7820 | D:6      | Mangled by an unseen horror

Illustrated notes

Levels and vault maps discovered:
D:1:      dpeg_arrival_another_circle, layout_basic, minmay_crystal_water
D:2:      layout_basic, basic_altar, uniq_natasha
D:3:      layout_basic, nicolae_tso_carved_into_rock,
          chequers_ecumenical_altar_grove
D:4:      layout_basic, cheibrodos_sewer_entry_sluice, uniq_eustachio
D:5:      dreamdust_elfheim, layout_basic, minmay_temple_entry_offerings,
          gup_ossuary_entry_pyramid, hangedman_abyss_or_decor_lesser_grid,
          dk_rats_in_the_wall
D:6:      kennysheep_windowed_halls, layout_loops_ring,
          pdpol_wu_jian_five_deadly_venoms, serial_bayou, serial_bayou_pond_c,
          serial_bayou_pond_e, serial_bayou_ford_a, serial_bayou_pond_a,
          chequers_mini_garden
D:7:      cheibrodos_shockbox, layout_loops_cross, kennysheep_little_box,
          grunt_ministairs_8, hangedman_feature_mirror
Temple:   dshaligram_water_room_temple

Skill      XL: |  1  2  3  4  5  6  7  8  9 10 |
---------------+-------------------------------+-----
Dodging        | 2 |  2.9
Fighting       | 1 2 3 |  3.9
Armour         | 1 2 3 4 |  4.0
Conjurations   | 4 6 |  6.0
Poison Magic   | 1 2 3 4 |  4.0
Spellcasting   | 3 4 6 7 |  7.0
Air Magic      | 1 2 |  2.0
Ranged Weapons | 1 2 |  2.0
Earth Magic    | 2 6 |  6.6
Transmutations | 3 |  3.0
Ice Magic      | 4 5 |  5.5
Stealth        | |  2.4

Action                   |  1- 3 |  4- 6 |  7- 9 | 10-12 || total
-------------------------+-------+-------+-------+-------++-------
Melee: Dagger            |    30 |    16 |       |       ||    46
 Fire: Sling             |     8 |    82 |   292 |    76 ||   458
Throw: Dart              |       |     1 |       |       ||     1
       Throwing net      |       |     1 |       |       ||     1
 Cast: Magic Dart        |    29 |     6 |     4 |       ||    39
       Searing Ray       |     5 |    10 |    24 |     1 ||    40
       Frozen Ramparts   |       |       |     2 |    11 ||    13
       Stone Arrow       |       |       |       |     3 ||     3
 Abil: Dig               |     1 |     1 |     3 |       ||     5
  Use: Scroll            |       |     1 |    10 |       ||    11
 Stab: Sleeping          |     2 |       |       |       ||     2
Armor: Robe              |     4 |     4 |       |       ||     8
       Leather armour    |       |     9 |    40 |    10 ||    59
Dodge: Dodged            |    26 |    37 |   112 |    29 ||   204
